 Dungeon Crawl Stone Soup version 0.26.0-90-g5fd8617961 (webtiles) character file.

Game seed: 11656154304705396054

184 Gadfly the Cudgeller (level 5, -3/50 HPs)
             Began as an Ogre Gladiator on Feb 3, 2021.
             Slain by an orc (4 damage)
             ... on level 3 of the Dungeon.
             The game lasted 00:04:08 (3564 turns).

Gadfly the Cudgeller (Ogre Gladiator)               Turns: 3564, Time: 00:04:09

Health: -3/50      AC:  3    Str: 19    XL:     5   Next: 64%
Magic:  6/6        EV: 10    Int:  9    God:
Gold:   246        SH:  0    Dex: 10    Spells: 4/4 levels left

rFire    + + .     SeeInvis .   a - +1 flail
rCold    . . .     Faith    .   (no shield)
rNeg     . . .     Spirit   .   j - +0 robe
rPois    .         Reflect  .   c - +0 hat
rElec    .         Harm     .   (no cloak)
rCorr    .         Rampage  .   (gloves unavailable)
Will     .....                  (boots unavailable)
Stlth    +.........             (no amulet)
HPRegen  0.00/turn              m - ring of protection from fire
MPRegen  0.10/turn              (no ring)

@: lethally poisoned (-3 -> -12)
A: large, unfitting armour, fire resistance 1, screaming 1, inhibited
regeneration, tough skin 1
a: no special abilities


You were on level 3 of the Dungeon.
You visited 1 branch of the dungeon, and saw 3 of its levels.

You collected 246 gold pieces.

Inventory:

Hand Weapons
 a - a +1 flail (weapon)
 b - a +0 morningstar
Missiles
 d - 3 throwing nets
 i - 64 stones (quivered)
Armour
 c - a +0 hat (worn)
 j - a +0 robe (worn)
Jewellery
 m - a ring of protection from fire (left hand)
Scrolls
 e - a scroll of enchant armour {unknown}
 f - a scroll of enchant weapon
 h - a scroll of remove curse
Potions
 g - 2 potions of attraction


   Skills:
 - Level 2.6 Fighting
 + Level 3.0 Maces & Flails
 + Level 2.6 Throwing
 * Level 2.1 Armour
 - Level 2.6 Dodging
 * Level 2.4 Invocations
 * Level 1.9 Evocations


You had 4 spell levels left.
You didn't know any spells.
Your spell library contained the following spells:

 Spells                   Type           Power        Failure   Level
 Summon Small Mammal      Summ           0%           38%         1
 Call Imp                 Summ           0%           52%         2
 Call Canine Familiar     Summ           0%           77%         3
 Summon Guardian Golem    Hex/Summ       0%           77%         3
 Summon Ice Beast         Ice/Summ       0%           99%         4
 Summon Lightning Spire   Summ/Air       0%           99%         4


Dungeon Overview and Level Annotations

Branches:
Dungeon (3/15)

Altars:


Innate Abilities, Weirdness & Mutations

You are too large for most types of armour.
You have tough skin. (AC +1)
Your flesh is heat resistant. (rF+)
You occasionally shout uncontrollably at your foes.
You do not regenerate when monsters are visible.


Message History

You sock the orc!
You kill the orc!
You barely miss the orc.
You feel sick. The orc barely misses you.
The orc hits you with a +2 whip of venom.
* * * LOW HITPOINT WARNING * * *
You are lethally poisoned!
You hit the orc but do no damage.
* * * LOW HITPOINT WARNING * * *
You feel sick. The orc barely misses you.
You sock the orc!
You kill the orc!
* * * LOW HITPOINT WARNING * * *
You feel sick. The kobold completely misses you.
You hit the kobold but do no damage. The kobold hits you.
* * * LOW HITPOINT WARNING * * *
You sock the kobold!
You kill the kobold!
* * * LOW HITPOINT WARNING * * *
You feel sick. The orc hits you.
You die...

######.# #### #......#
....####...... ............#
## ............# .#
...≈....≈...# .# # #
#...........##.##.# .#.
#....≈≈.....o@....# #.#
#....≈≈.....##.#### #.#
#..........###.# ########.#
...≈....≈...##.# #......#.#
............##.## #.####.#.##
............#...####.####....#
....#.........#........##.....
..#.#.##.##.....####.#.......#
.... #.###.#### #.##.....##


You could see an orc.

Vanquished Creatures
  An orc priest (D:2)
  Jessica (D:2)
  3 gnolls (D:2)
  2 adders (D:2)
  An ooze (D:2)
  A worm (D:2)
  2 dart slugs (D:1)
  7 orcs
  10 bats
  2 giant cockroaches
  7 goblins
  7 hobgoblins
  4 jackals (D:2)
  A quokka (D:2)
  6 frilled lizards
  8 kobolds
  6 rats
69 creatures vanquished.

Vanquished Creatures (others)
  8 fungi (D:3)
  4 toadstools (D:3)
12 creatures vanquished.

Grand Total: 81 creatures vanquished

Notes
Turn   | Place    | Note
-------+----------+-------------------------------------------
     0 | D:1      | Gadfly the Ogre Gladiator began the quest for the Orb.
     0 | D:1      | Reached XP level 1. HP: 22/22 MP: 1/1
   240 | D:1      | Reached XP level 2. HP: 29/29 MP: 2/2
   641 | D:1      | Reached skill level 1 in Invocations
  1142 | D:2      | Reached skill level 1 in Armour
  1142 | D:2      | Reached XP level 3. HP: 25/36 MP: 3/3
  1848 | D:2      | Reached skill level 1 in Evocations
  1936 | D:2      | Reached XP level 4. HP: 44/44 MP: 5/5
  2214 | D:2      | Reached skill level 3 in Maces & Flails
  2721 | D:3      | Noticed Jessica
  2729 | D:2      | Killed Jessica
  2730 | D:2      | Reached XP level 5. HP: 45/50 MP: 6/6
  3077 | D:2      | Gained mutation: You occasionally shout uncontrollably at
                  | your foes. [potion of mutation]
  3077 | D:2      | Gained mutation: You do not regenerate when monsters are
                  | visible. [potion of mutation]
  3077 | D:2      | Gained mutation: Your flesh is heat resistant. (rF+)
                  | [potion of mutation]
  3563 | D:3      | HP: 2/50 [kobold (2)]
  3564 | D:3      | Slain by an orc

Illustrated notes

Levels and vault maps discovered:
D:1:      arrival_zaba_pyramid, layout_loops_ring, minmay_tripent
D:2:      layout_basic
D:3:      layout_loops_cross, minmay_gold_behind_fungi, hangedman_decor_growths,
          skrybe_limestone_x, uniq_jessica

Skill      XL: |  1  2  3  4  5 |
---------------+----------------+-----
Invocations    | 1 2 |  2.4
Armour         | 1 2 |  2.1
Evocations     | 1 |  1.9
Maces & Flails | 3 |  3.0
Fighting       | |  2.6
Throwing       | |  2.6
Dodging        | |  2.6

Action                   |  1- 3 |  4- 6 || total
-------------------------+-------+-------++-------
Melee: Flail             |   112 |    97 ||   209
Throw: Stone             |    10 |     3 ||    13
  Use: Scroll            |     6 |     1 ||     7
       Potion            |     2 |     4 ||     6
 Stab: Sleeping          |     2 |       ||     2
Armor: Robe              |    48 |    64 ||   112
       Skin              |       |     4 ||     4
Dodge: Dodged            |    66 |   108 ||   174
